AoeStats
← bigups

Arena

510071027Analyzed
4v4 RM · 3d ago on Sep 29, 2026· 48m 42s· 8 players
Game mode
Random Map
Map size
Large (8 player)
Population
200
Speed
Normal
Resources
Standard
Victory
Conquest
Starting age
Dark Age
Ending age
Imperial Age
RankedLock teamsTeams togetherTeam positionsShared explorationLock speedFull tech treeHidden civsTurbo modeCheats
Victory
Defeat
🇨🇳 Bengalis · China
1560
+7
🇨🇳 Berbers · China
1485
+9
🇫🇮 Byzantines · Finland
1300
+16
🇰🇷 Spanish · South Korea
655
+33
🇹🇼 Persians · Taiwan
1292
-17
🇵🇭 Varangians · Philippines
1265
-16
🇳🇵 Bohemians · Nepal
1264
-16
🇵🇭 Britons · Philippines
1262
-16
GemGem27
11:32 Feudal Age
15:23 Castle Age
13:56 Double-Bit Axe
13:55 Horse Collar
14:52 Loom
16:44 Bow Saw
17:08 Fletching
20:59 Fervor
23:47 Redemption
24:02 Sanctity
30:05 Imperial Age
29:39 Heavy Plow
30:20 Bodkin Arrow
32:29 Block Printing
34:10 Chemistry
36:43 Wheelbarrow
35:53 Town Watch
36:20 Bracer
39:56 Padded Archer Armor
39:57 Pikeman
41:01 Scale Mail Armor
41:17 Leather Archer Armor
41:59 Halberdier
43:03 Chain Mail Armor
43:44 Forging
44:35 Plate Mail Armor
45:11 Ring Archer Armor
45:50 Iron Casting
46:52 Ring Archer Armor
Hawke
10:17 Feudal Age
14:02 Castle Age
12:30 Double-Bit Axe
20:26 Horse Collar
21:25 Bow Saw
23:41 Wheelbarrow
23:13 Heavy Plow
23:11 Gold Mining
27:38 Imperial Age
25:34 Scale Barding Armor
25:39 Forging
26:04 Hand Cart
26:23 Forging
27:45 Chain Barding Armor
28:01 Iron Casting
27:29 Husbandry
27:47 Bloodlines
27:17 Vendel Legacy
27:47 Cavalier
28:56 Conscription
29:28 Plate Barding Armor
31:24 Two-Man Saw
31:05 Crop Rotation
32:18 Blast Furnace
33:30 Gothikon
34:39 Loom
35:11 Scale Mail Armor
35:53 Squires
35:39 Gambesons
35:49 Elite Varangian Guard
36:15 Arson
37:09 Chain Mail Armor
野豬騎士來囉
10:10 Feudal Age
14:10 Castle Age
12:35 Double-Bit Axe
12:37 Horse Collar
20:41 Heavy Plow
23:01 Wheelbarrow
23:21 Bow Saw
24:39 Loom
28:00 Imperial Age
26:18 Hand Cart
26:15 Scale Barding Armor
26:25 Forging
26:59 Gold Mining
27:49 Chain Barding Armor
28:32 Bloodlines
28:25 Husbandry
28:48 Conscription
29:39 Crop Rotation
30:04 Iron Casting
30:05 Plate Barding Armor
30:33 Two-Man Saw
32:02 Blast Furnace
31:25 Cavalier
33:02 Gold Shaft Mining
32:18 Stone Mining
32:26 Savar
33:37 Capped Ram
34:34 Siege Ram
35:51 Kamandaran
41:28 Fletching
41:38 Padded Archer Armor
42:41 Chemistry
42:01 Ballistics
41:22 Elite Skirmisher
42:08 Thumb Ring
41:50 Light Cavalry
42:53 Bodkin Arrow
43:14 Leather Archer Armor
44:19 Hussar
47:54 Crossbowman
bigups
3:23 Loom
10:42 Feudal Age
15:51 Castle Age
14:28 Double-Bit Axe
18:32 Crossbowman
19:47 Fletching
20:10 Horse Collar
26:12 Bodkin Arrow
27:33 Wheelbarrow
29:14 Gold Mining
30:04 Padded Archer Armor
30:16 Town Watch
33:16 Heavy Plow
36:25 Imperial Age
37:14 Heavy Scorpion
40:44 Chemistry
40:40 Ballistics
jcg2212
3:28 Loom
11:58 Feudal Age
14:24 Gold Mining
14:24 Stone Mining
14:26 Double-Bit Axe
15:46 Horse Collar
20:24 Castle Age
28:25 Inquisition
33:09 Scale Barding Armor
35:26 Husbandry
34:47 Light Cavalry
35:38 Bloodlines
36:11 Heavy Plow
37:43 Bow Saw
41:53 Chain Barding Armor
guai哥
10:27 Feudal Age
14:04 Castle Age
12:16 Double-Bit Axe
12:12 Horse Collar
21:03 Bow Saw
21:59 Wheelbarrow
21:47 Heavy Plow
22:08 Gold Mining
22:29 Stone Mining
24:26 Stone Shaft Mining
24:54 Gold Shaft Mining
25:19 Town Watch
25:20 Loom
25:51 Hand Cart
27:01 Fletching
29:57 Imperial Age
27:29 Padded Archer Armor
27:57 Ballistics
28:22 Bloodlines
28:15 Husbandry
28:23 Bodkin Arrow
28:44 Leather Archer Armor
28:40 Thumb Ring
28:35 Light Cavalry
29:23 Scale Barding Armor
29:25 Treadmill Crane
30:04 Elite Camel Archer
31:06 Conscription
30:49 Kasbah
30:50 Maghrebi Camels
31:05 Bracer
31:36 Ring Archer Armor
32:10 Chemistry
31:56 Heavy Camel Rider
33:14 Chain Barding Armor
33:36 Fortified Wall
34:40 Plate Barding Armor
34:53 Guilds
35:57 Coinage
36:04 Forging
38:30 Banking
38:37 Iron Casting
39:02 Siege Engineers
39:01 Scale Mail Armor
40:27 Hoardings
39:50 Murder Holes
40:06 Masonry
39:21 Hussar
41:33 Blast Furnace
41:54 Town Patrol
41:44 Arrowslits
纪忆
10:37 Feudal Age
11:49 Double-Bit Axe
14:46 Castle Age
12:52 Horse Collar
15:47 Bow Saw
19:42 Wheelbarrow
22:14 Hand Cart
26:59 Imperial Age
24:15 Town Watch
24:16 Loom
24:58 Fletching
25:34 Heavy Plow
26:20 Bodkin Arrow
26:26 Padded Archer Armor
27:15 Gold Mining
27:15 Stone Mining
27:50 Leather Archer Armor
27:14 Elite Elephant Archer
28:21 Ballistics
28:29 Conscription
29:07 Bracer
29:23 Bloodlines
29:13 Husbandry
32:46 Scale Mail Armor
33:16 Ring Archer Armor
33:51 Chain Mail Armor
33:48 Forging
33:04 Pikeman
33:44 Squires
34:12 Paiks
34:27 Halberdier
35:45 Iron Casting
35:30 Guilds
36:15 Mahayana
37:39 Blast Furnace
37:15 Light Cavalry
42:42 Scale Barding Armor
42:13 Siege Elephant
42:36 Onager
49:08 Chemistry
48:44 Siege Engineers
48:27 Elite Battle Elephant
engarvi
11:44 Feudal Age
15:21 Castle Age
13:18 Double-Bit Axe
13:53 Horse Collar
16:15 Bow Saw
17:01 Gold Mining
19:57 Wheelbarrow
24:23 Imperial Age
22:14 Stone Mining
23:41 Fletching
24:05 Heavy Plow
24:24 Elite Skirmisher
26:14 Chemistry
25:52 Bodkin Arrow
27:56 Bracer
28:27 Conscription
28:12 Loom
28:32 Padded Archer Armor
29:22 Thumb Ring
30:04 Leather Archer Armor
30:24 Ballistics
31:30 Ring Archer Armor
32:11 Crop Rotation
35:31 Gold Shaft Mining
35:42 Pikeman
36:53 Halberdier
37:35 Scale Mail Armor
38:04 Forging
38:12 Squires
39:00 Chain Mail Armor
39:07 Chain Mail Armor
38:37 Capped Ram
40:29 Stone Shaft Mining
40:07 Treadmill Crane
41:38 Two-Man Saw
41:29 Greek Fire
41:53 Bombard Tower
42:54 Plate Mail Armor
43:00 Iron Casting
41:53 Siege Ram
42:26 Elite Varangian Guard
44:51 Scale Barding Armor
44:24 Elite Genitour
45:05 Murder Holes
45:56 Arson
45:57 Gambesons
46:37 Logistica
48:07 Chain Barding Armor
49:40 Plate Barding Armor
Connection lost

Rejoining the realm…

Still unreachable

The connection could not be restored.

Session expired

The server has moved on; the page needs a fresh start.